 Dungeon Crawl Stone Soup version 0.27-a0-1139-g28e009f8a6 (webtiles) character file.

Game seed: 17604353011645918777

38 Anon1729 the Skirmisher (level 3, -3/30 HPs)
             Began as a Formicid Berserker on May 7, 2021.
             Slain by a polar bear (4 damage)
             ... created by the rage of Trog
             ... on level 2 of the Dungeon.
             The game lasted 00:00:44 (890 turns).

Anon1729 the Skirmisher (Formicid Berserker)         Turns: 890, Time: 00:00:44

Health: -3/30      AC:  2    Str: 22    XL:     3   Next: 65%
Magic:  3/3        EV: 12    Int:  6    God:
Gold:   56         SH:  0    Dex: 10    Spells: 2/2 levels left

rFire    . . .     SeeInvis +   a - +0 falchion
rCold    . . .     Faith    .   (no shield)
rNeg     . . .     Spirit   .   b - +0 animal skin
rPois    .         Reflect  .   (helmet unavailable)
rElec    .         Harm     .   (no cloak)
rCorr    .         Rampage  .   (no gloves)
Will     .....                  (no boots)
Stlth    +.........             (no amulet)
HPRegen  0.10/turn              (no ring)
MPRegen  0.08/turn              (no ring)

@: no status effects
A: permanent stasis, dig shafts and tunnels, antennae 3, four strong arms
a: Dig, Shaft Self


You were on level 2 of the Dungeon.
You visited 1 branch of the dungeon, and saw 2 of its levels.

You collected 56 gold pieces.

Inventory:

Hand Weapons
 a - a +0 falchion (weapon)
Armour
 b - a +0 animal skin (worn)
Scrolls
 e - 3 scrolls of brand weapon {unknown}
Potions
 c - 2 potions of degeneration {unknown}
 d - a potion of heal wounds {unknown}


   Skills:
 + Level 3.7 Fighting
 + Level 3.3 Long Blades
 + Level 2.7 Armour
 + Level 2.2 Dodging


You had 2 spell levels left.
You didn't know any spells.
Your spell library was empty.

Dungeon Overview and Level Annotations

Branches:
Dungeon (2/15)

Altars:


Innate Abilities, Weirdness & Mutations

You cannot be hasted, slowed, berserked, paralysed or teleported.
You can dig through walls and to a lower floor.
You have a pair of large antennae on your head. (SInv)
Your four strong arms can wield two-handed weapons with a shield.


Message History

You hit the adder.
The adder is moderately wounded.
The adder misses you.
You riposte.
You barely miss the adder.
The adder is moderately wounded.
The adder bites you but does no damage.
You hit the adder.
The adder is heavily wounded.
The adder misses you.
You closely miss the adder.
The adder is heavily wounded.
The adder bites you. The adder bites you but does no damage.
You closely miss the adder.
The adder is heavily wounded.
The adder bites you but does no damage.
You hit the adder but do no damage.
The adder is heavily wounded.
The adder closely misses you.
You riposte.
You barely miss the adder.
The adder is heavily wounded.
The adder barely misses you.
You slash the adder!
You kill the adder!
No target in view!
No target in view!
No target in view!
No target in view!
No target in view!
Trog sends monsters to punish you. 3 polar bears and a black bear come into view.
There are monsters nearby!
Are you sure you want to shaft yourself?
The black bear misses you. The black bear barely misses you.
The black bear claws you.
You begin to dig a shaft.
You continue digging a shaft.
The black bear bites you but does no damage.
The black bear misses you. The black bear barely misses you.
The polar bear bites you!!
Ouch! That really hurt!
* * * LOW HITPOINT WARNING * * *
The polar bear claws you.
You die...

## #.### #.#
#..##...)..... # #...#
#.# #.# #........<
######.# #.# ..
#.........
.....#.####.# ..#
#.......##
##..........# ##.
.........#
...######..###
##........# ####
##...### #........#
#.#..h#########.......#
#.###hh@h....# #.#
########.# ..# .## #.
.. {


You could see 3 polar bears and a black bear (berserk).

Vanquished Creatures
  3 adders (D:2)
  3 giant cockroaches (D:1)
  A hobgoblin (D:1)
  2 ball pythons (D:2)
  A frilled lizard (D:2)
  3 kobolds
13 creatures vanquished.

Notes
Turn   | Place    | Note
-------+----------+-------------------------------------------
     0 | D:1      | Anon1729 the Formicid Berserker began the quest for the
                  | Orb.
     0 | D:1      | Reached XP level 1. HP: 18/18 MP: 1/1
     0 | D:1      | Fell from the grace of Trog
   135 | D:1      | Reached XP level 2. HP: 14/24 MP: 2/2
   181 | D:1      | Noticed a polar bear
   181 | D:1      | Noticed a black bear
   181 | D:1      | Noticed a black bear
   183 | D:1      | You fall into a shaft and drop 1 floor!
   605 | D:2      | Reached XP level 3. HP: 16/29 MP: 3/3
   888 | D:2      | Noticed a polar bear
   888 | D:2      | Noticed a black bear
   888 | D:2      | Noticed a polar bear
   888 | D:2      | Noticed a polar bear
   890 | D:2      | HP: 1/30 [polar bear[the rage of Trog] (21)]
   890 | D:2      | Slain by a polar bear

Illustrated notes

Levels and vault maps discovered:
D:1:      heliophobic_arrival_ceremonial_halls, layout_loops_ring,
          shapermc_ecumenical_altar_venn, serial_shops, shop,
          minmay_pentomino_t4
D:2:      layout_rooms, due_unseen_surprise

Skill      XL: |  1  2 |
---------------+-------+-----
Dodging        | 2 |  2.2
Fighting       | |  3.7
Long Blades    | |  3.3
Armour         | |  2.7

Action                   || total
-------------------------++-------
Melee: Falchion          ||    43
Invok: Renounce Religion ||     1
 Abil: Shaft Self        ||     2
Armor: Animal skin       ||    13
Dodge: Dodged            ||    33
       Rpst.: Falchion   ||    10

Table legend: (Time is in decaauts)
 A = Elapsed time spent in this place.
 B = Non-inter-level travel time spent in this place.
 C = Inter-level travel time spent in this place.
 D = Time resting spent in this place.
 E = Time spent auto-exploring this place.
 F = Levels seen in this place.
 G = Mean time per level.
                   A        B        C        D        E       F      G
               +--------+--------+--------+--------+--------+-----+--------+
         Total |    895 |    895 |      0 |    483 |    319 |   2 |  447.5 |
       Dungeon |    895 |    895 |      0 |    483 |    319 |   2 |  447.5 |
               +--------+--------+--------+--------+--------+-----+--------+

Top non-repeatable levels by time:
     D:2: 711 daAuts
     D:1: 184 daAuts
